 Dungeon Crawl Stone Soup version 0.28-a0-1184-g53156a8862 (webtiles) character file.

Game seed: 462571823273679202

4634 browni3141 the Carver (level 10, -7/74 HPs)
             Began as a Formicid Fighter on Dec 17, 2021.
             Was a Priest of Okawaru.
             Mangled by Harold (20 damage)
             ... on level 8 of the Dungeon.
             The game lasted 00:13:59 (9686 turns).

browni3141 the Carver (Formicid Fighter)            Turns: 9686, Time: 00:14:00

Health: -7/74      AC: 15    Str: 25    XL:     10   Next: 70%
Magic:  13/14      EV: 11    Int:  8    God:    Okawaru [***...]
Gold:   203        SH:  6    Dex: 10    Spells: 9/9 levels left

rFire   . . .      SeeInvis +   a - +1 great sword
rCold   . . .      Faith    .   c - +0 buckler
rNeg    . . .      Spirit   .   A - +0 chain mail
rPois   +          Reflect  .   (helmet unavailable)
rElec   .          Harm     .   k - +2 cloak
rCorr   .          Rampage  .   (no gloves)
Will    +....                   (no boots)
Stlth   ..........              (no amulet)
HPRegen 0.22/turn               o - ring of poison resistance
MPRegen 0.14/turn               (no ring)

@: mighty, heroic, marked
A: permanent stasis, dig shafts and tunnels, antennae 3, four strong arms
a: Dig, Shaft Self, Renounce Religion, Heroism


You were on level 8 of the Dungeon.
You worshipped Okawaru.
Okawaru was most pleased with you.
You visited 2 branches of the dungeon, and saw 9 of its levels.

You collected 301 gold pieces.
You spent 98 gold pieces at shops.

Inventory:

Hand Weapons
 a - a +1 great sword (weapon)
 D - a +0 long sword
 H - a +0 scimitar
Missiles
 g - 161 stones
 l - 79 sling bullets
 t - 47 bolts
 B - 8 javelins (quivered)
Armour
 b - a +0 scale mail
 c - a +0 buckler (worn)
 k - a +2 cloak (worn)
 A - a +0 chain mail (worn)
Jewellery
 o - a ring of poison resistance (left hand)
Wands
 v - a wand of flame (1)
 K - a wand of paralysis (7)
Scrolls
 f - a scroll of fear {unknown}
 h - a scroll of magic mapping
 i - a scroll of amnesia {unknown}
 r - a scroll of blinking {unknown}
 s - a scroll of enchant armour {unknown}
 w - 2 scrolls of acquirement {unknown}
 y - 3 scrolls of teleportation {unknown}
 z - a scroll of identify {unknown}
 E - a scroll of noise {unknown}
 F - 2 scrolls of vulnerability {unknown}
 G - a scroll of fog {unknown}
 I - a scroll of immolation {unknown}
 L - a scroll of enchant weapon {unknown}
Potions
 e - a potion of berserk rage {unknown}
 j - 3 potions of flight {unknown}
 n - 2 potions of degeneration
 p - 4 potions of curing
 q - a potion of resistance {unknown}
 u - 2 potions of magic {unknown}
 x - 3 potions of attraction {unknown}
 C - a potion of lignification
 J - a potion of haste {unknown}


   Skills:
 + Level 5.3(10.3) Fighting
 * Level 11.5(16.5) Long Blades
 * Level 6.8(11.8) Armour
 + Level 3.2(8.2) Dodging
 - Level 5.0(10.0) Shields
 * Level 6.3 Invocations


You had 9 spell levels left.
You didn't know any spells.
Your spell library contained the following spells:

 Spells                   Type           Power      Damage    Failure   Level
 Ensorcelled Hibernation  Hex/Ice        0%         N/A       97%         2
 Airstrike                Air            0%         N/A       100%        4
 Lightning Bolt           Conj/Air       0%         1d11      100%        5
 Tukima's Dance           Hex            Unusable   N/A       N/A         3
 Summon Lightning Spire   Summ/Air       Unusable   N/A       N/A         4

Dungeon Overview and Level Annotations

Branches:
Dungeon (8/15)             Temple (1/1) D:5            Lair (0/6) D:8

Altars:
Ashenzari
Cheibriados
Dithmenos
Elyvilon
Fedhas
Gozag
Hepliaklqana
Kikubaaqudgha
Makhleb
Nemelex Xobeh
Okawaru
Qazlal
Ru
Sif Muna
Trog
Uskayaw
Vehumet
Wu Jian
Xom
Yredelemnul
Zin
The Shining One

Shops:
D:6 !

Annotations:
D:8 Harold


Innate Abilities, Weirdness & Mutations

You cannot be hasted, slowed, berserked, paralysed or teleported.
You can dig through walls and to a lower floor.
You have a pair of large antennae on your head. (SInv)
Your four strong arms can wield two-handed weapons with a shield.


Message History

Harold is moderately wounded.
Harold gestures at you while chanting. A sentinel's mark forms upon you.
You hit Harold but do no damage.
Harold is moderately wounded.
You barely miss Harold.
Harold is moderately wounded.
Harold hits you with a +1 short sword of electrocution.
You are electrocuted!
You barely miss Harold.
Harold is moderately wounded.
Harold hits you but does no damage.
You barely miss Harold.
Harold is moderately wounded.
Harold hits you with a +1 short sword of electrocution!
You barely miss Harold.
Harold is moderately wounded.
You block Harold's attack.
You barely miss Harold.
Harold is moderately wounded.
Harold hits you with a +1 short sword of electrocution!
* * * LOW HITPOINT WARNING * * *
You are electrocuted!
* * * LOW HITPOINT WARNING * * *
Unknown command.
You feel much better. You block Harold's attack.
You feel very mighty all of a sudden.
Harold hits you with a +1 short sword of electrocution.
* * * LOW HITPOINT WARNING * * *
You slice Harold!!
Harold is heavily wounded.
You block Harold's attack.
You slice Harold!!
Harold is severely wounded.
Harold hits you with a +1 short sword of electrocution.
* * * LOW HITPOINT WARNING * * *
You slash Harold!
Harold is almost dead.
Harold hits you but does no damage.
You are electrocuted!!
You die...

#.# # #.# #[#
#.# #.# #
#######.# #..
#....<..#
##...###.#######
......@@.#
##########


You could see Harold.

Vanquished Creatures
  Maggie (D:6)
  2 komodo dragons
  Grinder (D:4)
  Eustachio (D:6)
  2 steam dragons
  Edmund (D:6)
  A water moccasin (D:6)
  An orc warrior (D:8)
  A black bear (D:6)
  3 ice beasts
  A sky beast (D:7)
  3 ogres
  A necrophage (D:6)
  2 centaurs (D:6)
  2 phantoms
  A kobold brigand (D:8)
  2 bullfrogs (D:7)
  A wyvern zombie (D:6)
  3 scorpions
  A wyvern skeleton (D:6)
  3 water moccasin skeletons
  9 wights
  A howler monkey (D:6)
  3 hounds
  4 jellies
  2 centaur zombies
  2 bullfrog skeletons
  3 orc priests
  A bullfrog zombie (D:7)
  An iguana (D:5)
  Terence (D:3)
  2 orc wizards
  A hound skeleton (D:4)
  A gnoll (D:2)
  2 howler monkey skeletons
  8 adders
  2 white imps (D:6)
  An ufetubus (D:5)
  An adder zombie (D:5)
  2 adder skeletons (D:4)
  3 dart slugs
  13 orcs
  4 ball pythons
  6 bats
  6 endoplasms
  2 giant cockroaches
  5 goblins
  8 hobgoblins
  5 jackals
  6 frilled lizards
  9 kobolds
  A rat (D:2)
149 creatures vanquished.

Vanquished Creatures (others)
  7 plants (D:8)
7 creatures vanquished.

Grand Total: 156 creatures vanquished

Notes
Turn   | Place    | Note
-------+----------+-------------------------------------------
     0 | D:1      | browni3141 the Formicid Fighter began the quest for the
                  | Orb.
     0 | D:1      | Reached XP level 1. HP: 18/18 MP: 1/1
   214 | D:1      | Reached XP level 2. HP: 22/24 MP: 2/2
   773 | D:2      | Reached skill level 3 in Long Blades
   776 | D:2      | Reached XP level 3. HP: 14/29 MP: 3/3
   777 | D:2      | Found a faded altar of an unknown god.
  1773 | D:2      | Reached skill level 4 in Long Blades
  1773 | D:2      | Reached XP level 4. HP: 28/35 MP: 4/4
  2413 | D:3      | Reached XP level 5. HP: 41/41 MP: 5/5
  2477 | D:3      | Reached skill level 5 in Long Blades
  2551 | D:3      | Noticed Terence
  2555 | D:3      | Killed Terence
  2853 | D:4      | Noticed an ogre
  2921 | D:4      | Reached XP level 6. HP: 39/47 MP: 6/6
  2946 | D:4      | Reached skill level 6 in Long Blades
  3173 | D:4      | Noticed Grinder
  3415 | D:4      | Killed Grinder
  3416 | D:4      | Reached skill level 7 in Long Blades
  3416 | D:4      | Reached XP level 7. HP: 15/52 MP: 7/7
  4054 | D:4      | Reached skill level 8 in Long Blades
  4218 | D:5      | Entered Level 5 of the Dungeon
  4268 | D:5      | Reached XP level 8. HP: 42/58 MP: 8/8
  4389 | D:5      | Reached skill level 9 in Long Blades
  5148 | D:5      | Reached skill level 10 in Long Blades
  5251 | D:5      | Found a staircase to the Ecumenical Temple.
  5277 | Temple   | Entered the Ecumenical Temple
  5393 | Temple   | Became a worshipper of Warmaster Okawaru
  5790 | D:6      | Reached skill level 1 in Invocations
  5790 | D:6      | Reached XP level 9. HP: 51/64 MP: 9/9
  5937 | D:6      | Noticed Edmund
  5956 | D:6      | Killed Edmund
  5957 | D:6      | Reached skill level 1 in Dodging
  6063 | D:6      | Reached * piety under Okawaru
  6143 | D:6      | Found Osein's Distillery.
  6147 | D:6      | Bought a potion of degeneration for 14 gold pieces
  6147 | D:6      | Bought a potion of curing for 42 gold pieces
  6147 | D:6      | Bought a potion of lignification for 42 gold pieces
  6158 | D:6      | Noticed Eustachio
  6203 | D:6      | Killed Eustachio
  7237 | D:6      | Reached skill level 5 in Armour
  7332 | D:6      | Noticed Maggie
  7351 | D:6      | Killed Maggie
  7351 | D:6      | Reached ** piety under Okawaru
  7352 | D:6      | Reached XP level 10. HP: 57/73 MP: 13/13
  7447 | D:6      | Found a shadowy altar of Dithmenos.
  7576 | D:7      | Reached skill level 11 in Long Blades
  7576 | D:7      | Reached skill level 5 in Shields
  7938 | D:7      | Reached skill level 5 in Invocations
  8174 | D:7      | Noticed a komodo dragon
  8182 | D:7      | Killed a komodo dragon
  8282 | D:7      | Reached skill level 5 in Fighting
  8602 | D:8      | Found a staircase to the Lair.
  8603 | D:8      | Noticed a komodo dragon
  8629 | D:8      | Killed a komodo dragon
  8963 | D:8      | Reached *** piety under Okawaru
  9668 | D:8      | Noticed Harold
  9686 | D:8      | Mangled by Harold

Illustrated notes

Levels and vault maps discovered:
D:1:      amcnicky_arrival_wind_blow, layout_basic, hangedman_decor_points
D:2:      minmay_diamond_boxcup, layout_loops_corners,
          ebering_ecumenical_altar_sacrificial
D:3:      layout_basic, uniq_terence
D:4:      layout_rooms, minmay_fountain_box, uniq_grinder
D:5:      layout_basic, minmay_temple_entry_junction, kennysheep_big_empty_room
D:6:      layout_rooms, grunt_dithmenos_shadows, serial_shops, shop,
          uniq_eustachio, uniq_maggie, uniq_edmund
D:7:      layout_basic, minmay_misc_feat_hallway, mrwooster_statue_mirror,
          minmay_misc_feat_room
D:8:      layout_loops_corners, david_lair_shrubbed, uniq_harold
Temple:   kilobyte_greek_temple

Skill      XL: |  1  2  3  4  5  6  7  8  9 10 |
---------------+-------------------------------+-----
Long Blades    | 3 4 5 7 8 10 11 | 11.5
Invocations    | 1 4 6 |  6.3
Armour         | 5 6 |  6.8
Shields        | 4 5 |  5.0
Dodging        | 2 3 |  3.2
Fighting       | 4 5 |  5.3

Action                   |  1- 3 |  4- 6 |  7- 9 | 10-12 || total
-------------------------+-------+-------+-------+-------++-------
Melee: Long sword        |    79 |   112 |   197 |       ||   388
       Scimitar          |       |       |    21 |    84 ||   105
       Great sword       |       |       |       |    38 ||    38
Throw: Javelin           |       |    22 |    65 |    33 ||   120
       Stone             |       |     5 |     8 |       ||    13
Invok: Heroism           |       |       |     2 |     8 ||    10
 Abil: Dig               |       |     1 |     3 |     1 ||     5
Evoke: Wand              |       |       |     7 |       ||     7
  Use: Potion            |       |       |     2 |     2 ||     4
       Scroll            |       |       |     1 |       ||     1
Armor: Scale mail        |    30 |    50 |    39 |       ||   119
       Chain mail        |       |       |    66 |    47 ||   113
Dodge: Dodged            |    39 |    37 |    79 |    29 ||   184
Block: Buckler           |    18 |    18 |    52 |    30 ||   118

Table legend: (Time is in decaauts)
 A = Elapsed time spent in this place.
 B = Non-inter-level travel time spent in this place.
 C = Inter-level travel time spent in this place.
 D = Time resting spent in this place.
 E = Time spent auto-exploring this place.
 F = Levels seen in this place.
 G = Mean time per level.
                   A        B        C        D        E       F      G
               +--------+--------+--------+--------+--------+-----+--------+
         Total |   9734 |   9419 |    315 |    275 |   7722 |   9 | 1081.6 |
       Dungeon |   9573 |   9294 |    279 |    275 |   7606 |   8 | 1196.6 |
        Temple |    160 |    124 |     36 |      0 |    116 |   1 |  160.0 |
               +--------+--------+--------+--------+--------+-----+--------+

Top non-repeatable levels by time:
     D:6: 1934 daAuts
     D:5: 1344 daAuts
     D:4: 1266 daAuts
     D:2: 1264 daAuts
     D:8: 1093 daAuts
     D:3: 1011 daAuts
     D:7: 895 daAuts
     D:1: 763 daAuts
  Temple: 160 daAuts
